 Dungeon Crawl Stone Soup version 0.26-a0-1147-g3780a7a11b (webtiles) character file.

Game seed: 9355837854258070765

109 melloss the Magician (level 4, -1/25 HPs)
             Began as a Deep Elf Fire Elementalist on Dec 22, 2020.
             Killed by divine providence
             ... invoked by an orc priest
              (15 damage)
             ... on level 3 of the Dungeon.
             The game lasted 00:07:13 (1875 turns).

melloss the Magician (Deep Elf Fire Elementalist)   Turns: 1875, Time: 00:07:13

Health: -1/25      AC:  9    Str:  5    XL:     4   Next: 60%
Magic:  8/11       EV: 13    Int: 21    God:
Gold:   111        SH:  0    Dex: 15    Spells: 6/10 levels left

rFire    + . .     SeeInvis .   h - +1 mace (protect)
rCold    . . .     Faith    .   (no shield)
rNeg     . . .     Spirit   .   a - +0 robe
rPois    .         Reflect  .   (no helmet)
rElec    .         Harm     .   n - scarf {repulsion}
rCorr    .         Rampage  .   (no gloves)
Will     .....                  (no boots)
Stlth    ++........             (no amulet)
HPRegen  0.08/turn              r - ring of protection from fire
MPRegen  0.12/turn              (no ring)

@: protection aura, repel missiles
A: no striking features
a: no special abilities


You were on level 3 of the Dungeon.
You visited 1 branch of the dungeon, and saw 3 of its levels.

You collected 111 gold pieces.

Inventory:

Hand Weapons
 h - a +1 mace of protection (weapon)
 p - a +0 short sword
 t - a +0 hunting sling
Missiles
 e - 36 poisoned darts
Armour
 a - a +0 robe (worn)
 f - a +0 buckler
 n - a scarf of repulsion (worn)
Jewellery
 r - a ring of protection from fire (left hand)
Wands
 m - a wand of disintegration (9)
Scrolls
 b - 3 scrolls of fog
 c - 3 scrolls of identify
 d - 2 scrolls of remove curse
 g - a scroll of amnesia {unknown}
 i - 2 scrolls of enchant weapon {unknown}
 o - 2 scrolls of teleportation {unknown}
 q - a scroll of magic mapping {unknown}
Potions
 j - 3 potions of flight {unknown}
 k - a potion of berserk rage {unknown}
 l - a potion of attraction {unknown}
 s - a potion of curing {unknown}


   Skills:
 + Level 1.2 Fighting
 - Level 2.4 Dodging
 - Level 2.4 Stealth
 - Level 0.2 Shields
 + Level 3.9 Spellcasting
 * Level 3.2 Conjurations
 + Level 3.9 Fire Magic


You had 6 spell levels left.
You knew the following spells:

 Your Spells              Type           Power        Failure   Level
a - Foxfire               Conj/Fire      76%          2%          1
b - Conjure Flame         Conj/Fire      19%          9%          3

Your spell library contained the following spells:

 Spells                   Type           Power        Failure   Level
 Inner Flame              Hex/Fire       12%          16%         3
 Sticky Flame             Conj/Fire      19%          26%         4
 Fireball                 Conj/Fire      9%           58%         5


Dungeon Overview and Level Annotations

Branches:
Dungeon (3/15)

Altars:
Ashenzari


Message History

The orc wizard casts a spell at you. The magic dart hits you!
Casting: Foxfire (safe; 2% risk of failure)
Press: ? - help, Q - select action, (/) - cycle Dir - look around, f - activate You conjure some foxfire!
The foxfire hits the orc wizard but does no damage.
The orc wizard is lightly wounded.
The foxfire hits the orc wizard.
The orc wizard is moderately wounded.
You hit the orc wizard.
Your weapon exudes an aura of protection.
The orc wizard is heavily wounded.
The foxfire hits the orc wizard.
The orc wizard is severely wounded.
The orc wizard mumbles some strange words.
The orc wizard blinks!
The orc priest invokes the aid of Beogh against you.
Beogh smites you!
Ouch! That really hurt!
You die...

..# #....+ #.# #.#
+....# #
#.#######.###†..[.
#.#.#<.....<.....)..
.#.###########.....
... ...# #..... #o#
#.#####.....
#§#####...........
#@.)..#..)....####
#§###.#.......#
#.#...#.#######
#o#.....# #.#######
#.# #.# #......o.o.
##..#.#....


You could see an orc priest and an orc wizard (fast).

Vanquished Creatures
  An orc priest (D:3)
  3 adders (D:2)
  3 dart slugs (D:1)
  3 leopard geckos
  An orc (D:3)
  A ball python (D:2)
  5 bats
  2 giant cockroaches (D:2)
  7 goblins
  5 hobgoblins
  3 jackals (D:1)
  3 kobolds
  3 frilled lizards (D:1)
  3 rats
43 creatures vanquished.

Vanquished Creatures (others)
  124 foxfires
124 creatures vanquished.

Grand Total: 167 creatures vanquished

Notes
Turn   | Place    | Note
-------+----------+-------------------------------------------
     0 | D:1      | melloss the Deep Elf Fire Elementalist began the quest for
                  | the Orb.
     0 | D:1      | Reached XP level 1. HP: 10/10 MP: 6/6
   108 | D:1      | Reached XP level 2. HP: 16/16 MP: 0/8
   634 | D:2      | Reached XP level 3. HP: 20/20 MP: 4/9
   763 | D:2      | Learned a level 3 spell: Conjure Flame
  1288 | D:2      | Reached skill level 1 in Fighting
  1430 | D:2      | Reached XP level 4. HP: 24/25 MP: 7/11
  1862 | D:3      | Found a broken altar of Ashenzari.
  1875 | D:3      | Killed from afar by an orc priest

Illustrated notes

Levels and vault maps discovered:
D:1:      scummos_arrival_star, layout_rooms
D:2:      layout_basic
D:3:      layout_basic, ashenzari_altar_1

Skill      XL: |  1  2  3  4 |
---------------+-------------+-----
Conjurations   | 2 3 |  3.2
Fighting       | 1 |  1.2
Dodging        | |  2.4
Stealth        | |  2.4
Shields        | |  0.2
Spellcasting   | |  3.9
Fire Magic     | |  3.9

Action                   |  1- 3 |  4- 6 || total
-------------------------+-------+-------++-------
Melee: Mace              |     6 |     1 ||     7
 Cast: Foxfire           |    56 |    20 ||    76
       Conjure Flame     |     1 |       ||     1
  Use: Scroll            |       |     3 ||     3
Armor: Robe              |     5 |     1 ||     6
Dodge: Dodged            |    26 |     5 ||    31
Block: Buckler           |     2 |       ||     2

Table legend: (Time is in decaauts)
 A = Elapsed time spent in this place.
 B = Non-inter-level travel time spent in this place.
 C = Inter-level travel time spent in this place.
 D = Time resting spent in this place.
 E = Time spent auto-exploring this place.
 F = Levels seen in this place.
 G = Mean time per level.
                   A        B        C        D        E       F      G
               +--------+--------+--------+--------+--------+-----+--------+
         Total |   1874 |   1831 |     43 |    324 |    943 |   3 |  624.7 |
       Dungeon |   1874 |   1831 |     43 |    324 |    943 |   3 |  624.7 |
               +--------+--------+--------+--------+--------+-----+--------+

Top non-repeatable levels by time:
     D:2: 1039 daAuts
     D:1: 604 daAuts
     D:3: 230 daAuts
